 Seeded DCSS version 0.29-a0-925-g0a7a3d12f8 (webtiles) character file.

Game seed: 1973 (custom seed)

23 Kazon the Chopper (level 2, -1/27 HPs)
             Began as a Hill Orc Monk on July 28, 2022.
             Slain by a gnoll
             ... wielding a +0 club
              (2 damage)
             ... on level 2 of the Dungeon.
             The game lasted 00:02:48 (788 turns).

Kazon the Chopper (Hill Orc Monk)                    Turns: 788, Time: 00:02:49

Health: -1/27      AC:  5    Str: 13    XL:     2   Next: 95%
Magic:  2/2        EV: 11    Int: 10    God:
Gold:   91         SH:  0    Dex: 13    Spells: 1/1 levels left

rFire   . . .      SeeInvis .   a - +0 hand axe
rCold   . . .      Faith    .   (no shield)
rNeg    . . .      Spirit   .   g - +0 ring mail
rPois   .          Reflect  .   (no helmet)
rElec   .          Harm     .   (no cloak)
rCorr   .          Rampage  .   (no gloves)
Will    .....                   (no boots)
Stlth   +.........              (no amulet)
HPRegen 0.09/turn               (no ring)
MPRegen 0.08/turn               (no ring)

@: no status effects
A: no striking features
a: no special abilities


You were on level 2 of the Dungeon.
You visited 1 branch of the dungeon, and saw 2 of its levels.

You collected 91 gold pieces.

Inventory:

Hand Weapons
 a - a +0 hand axe (weapon)
Missiles
 h - 2 stones (quivered)
Armour
 b - a +0 robe
 g - a +0 ring mail (worn)
Jewellery
 e - a ring of ice
Scrolls
 d - a scroll of identify {unknown}
Potions
 c - a potion of ambrosia
 f - a potion of curing {unknown}


   Skills:
 + Level 4.0 Fighting
 + Level 4.5 Axes
 + Level 0.2 Armour
 + Level 2.7 Dodging
 + Level 1.6 Stealth


You had one spell level left.
You didn't know any spells.
Your spell library was empty.

Dungeon Overview and Level Annotations

Branches:
Dungeon (2/15)

Altars:

Shops:
D:2 *


Message History

The jackal barely misses you.
You barely miss the jackal. The jackal bites you.
You barely miss the jackal. The jackal closely misses you.
The jackal bites you but does no damage.
You closely miss the jackal.
The gnoll hits you from afar with a +0 spear.
The jackal bites you but does no damage.
You hit the jackal.
The jackal is moderately wounded.
The jackal bites you. The gnoll barely misses you.
The jackal barely misses you.
You hit the jackal. Your punch misses the jackal.
The jackal is severely wounded.
The jackal misses you.
You barely miss the jackal.
The jackal is severely wounded.
The jackal bites you but does no damage. x2
You hit the jackal.
You kill the jackal!
You completely miss the gnoll. The gnoll closely misses you.
The gnoll hits you but does no damage.
You closely miss the gnoll. The gnoll hits you with a +0 club.
The gnoll hits you from afar with a +0 spear.
You hit the gnoll.
The gnoll is lightly wounded.
The gnoll hits you from afar with a +0 spear.
* * * LOW HITPOINT WARNING * * *
The gnoll hits you with a +0 club.
* * * LOW HITPOINT WARNING * * *
You hit the gnoll but do no damage.
The gnoll is lightly wounded.
The gnoll closely misses you. The gnoll hits you but does no damage.
You hit the gnoll but do no damage.
The gnoll is lightly wounded.
The gnoll barely misses you. The gnoll hits you with a +0 club.
* * * LOW HITPOINT WARNING * * *
You closely miss the gnoll.
The gnoll is lightly wounded.
The gnoll hits you with a +0 club.
You die...

###!...#.#.#...#.#
##..........##g.#.#
....>.....####.h...
##.###g.### ##.### #..
#....#####.##. #.#
#............. #.#
#.##.#.######g
#########.####.##.†..# #..
#.........@gg.....#.#.###.#
#.#######.####.#....##.##.#
#.# #.# #.##.........# #.#
#.# #.......###### #.# #.#
####...## #.# #.# #....<..#
#.# #.# #.......... #.# #>.
#.......### #.# ###...###


You could see 2 gnolls.

Vanquished Creatures
  A dart slug (D:2)
  3 giant cockroaches
  4 jackals (D:2)
  A quokka (D:2)
  A ball python (D:2)
  2 bats (D:2)
  A frilled lizard (D:1)
  2 goblins
  4 kobolds
  A rat (D:1)
20 creatures vanquished.

Notes
Turn   | Place    | Note
-------+----------+-------------------------------------------
     0 | D:1      | Kazon the Hill Orc Monk began the quest for the Orb.
     0 | D:1      | Reached XP level 1. HP: 19/19 MP: 1/1
   416 | D:2      | Reached XP level 2. HP: 25/27 MP: 2/2
   711 | D:2      | Found Gaku's General Store.
   787 | D:2      | HP: 1/27 [gnoll/+0 club (4)]
   788 | D:2      | Slain by a gnoll

Illustrated notes

Levels and vault maps discovered:
D:1:      dpeg_arrival_tiny_f, layout_basic
D:2:      layout_loops_ring, dreamdust_ecumenical_altar_angels_and_demons,
          serial_shops, shop

Skill      XL: |  1  2 |
---------------+-------+-----
Fighting       | 4 |  4.0
Axes           | |  4.5
Armour         | |  0.2
Dodging        | |  2.7
Stealth        | |  1.6

Action                   || total
-------------------------++-------
Melee: Hand axe          ||    95
Armor: Robe              ||    14
       Ring mail         ||    20
Dodge: Dodged            ||    72

Table legend: (Time is in decaauts)
 A = Elapsed time spent in this place.
 B = Non-inter-level travel time spent in this place.
 C = Inter-level travel time spent in this place.
 D = Time resting spent in this place.
 E = Time spent auto-exploring this place.
 F = Levels seen in this place.
 G = Mean time per level.
                   A        B        C        D        E       F      G
               +--------+--------+--------+--------+--------+-----+--------+
         Total |    795 |    734 |     61 |      0 |    228 |   2 |  397.5 |
       Dungeon |    795 |    734 |     61 |      0 |    228 |   2 |  397.5 |
               +--------+--------+--------+--------+--------+-----+--------+

Top non-repeatable levels by time:
     D:2: 465 daAuts
     D:1: 330 daAuts
